 Dungeon Crawl Stone Soup version 0.30-a0-165-g1891117ce2 (webtiles) character file.

Game seed: 16208960284378328332

176229 qw the Severer (level 18, -3/116 HPs)
             Began as a Gargoyle Fighter on Sept 28, 2022.
             Was a High Priest of Okawaru.
             Slain by the 27-headed Lernaean hydra (10 damage)
             ... on level 4 of the Swamp.
             The game lasted 00:13:39 (26772 turns).

qw the Severer (Gargoyle Fighter)                  Turns: 26772, Time: 00:13:40

Health: -3/116     AC: 52    Str: 35    XL:     18   Next: 12%
Magic:  25/25      EV: 17    Int:  8    God:    Okawaru [*****.]
Gold:   952        SH: 22    Dex: 13    Spells: 17/17 levels left

rFire   + . .      SeeInvis .    A - +2 broad axe "Leuduhur" {vamp, rF+ rC++ rCorr Str-4}
rCold   + + +      Faith    .    M - +0 tower shield
rNeg    + + .      Spirit   .    e - +9 chain mail "Jenkus" {rElec rC+ Int-5}
rPois   inf        Reflect  .    b - +2 helmet
rElec   +          Harm     .    C - +1 cloak of Starlight {*Dazzle EV+4 Stlth--}
rCorr   +          Rampage  .    s - +2 pair of gloves
Will    +....                    n - +2 pair of boots
Stlth   ..........               I - amulet of regeneration
HPRegen 1.09/turn                G - +6 ring of intelligence
MPRegen 0.19/turn                E - ring "Nely" {rN+ Str+3 Dex+6}

@: about to teleport, heroic, marked, flying
A: sickness immunity, AC +13, big wings, negative energy resistance 1,
electricity resistance, torment resistance 1, petrification resistance,
iridescent scales 1, strong 2
a: Renounce Religion, Heroism, Finesse, Duel


You were on level 4 of the Swamp.
You worshipped Okawaru.
Okawaru was extremely pleased with you.
You visited 5 branches of the dungeon, and saw 29 of its levels.
You also visited: Gauntlet.

You collected 2721 gold pieces.
You spent 1769 gold pieces at shops.


Innate Abilities, Weirdness & Mutations

You are immune to sickness and miasma.
Your stone body is resilient. (AC +13)
You are immune to poison.
Your large and strong wings let you fly.
You resist negative energy. (rN+)
You are resistant to electric shocks. (rElec)
You are resistant to unholy torment.
You are immune to petrification.
You are partially covered in iridescent scales. (AC +2)
Your muscles are very strong. (Str +8, Int/Dex -2)


   Skills:
 - Level 14.0(19.0) Fighting
 - Level 18.0(23.0) Axes
 - Level 7.0(12.0) Throwing
 + Level 11.3(16.3) Armour
 - Level 5.0(10.0) Dodging
 - Level 18.0(23.0) Shields
 - Level 10.0 Invocations


You had 17 spell levels left.
You didn't know any spells.
Your spell library was empty.

Inventory:

Hand Weapons
 a - the +8 mithril axe "Arga" {speed, Will+}
   (You acquired it on level 1 of the Dungeon)

   Attacks with this weapon are significantly faster.
   Will:      It increases your willpower.
 A - the +2 broad axe "Leuduhur" (weapon) {vamp, rF+ rC++ rCorr Str-4}
   (Okawaru gifted it to you on level 2 of the Lair of Beasts)

   It occasionally heals its wielder for a portion of the damage dealt when it
   wounds a living foe.
   Str:       It affects your strength (-4).
   rF:        It protects you from fire.
   rC:        It greatly protects you from cold.
   rCorr:     It protects you from acid and corrosion.
Missiles
 p - 21 boomerangs
 t - 12 javelins (quivered)
Armour
 b - a +2 helmet (worn)
 c - +0 acid dragon scales
 e - the +9 chain mail "Jenkus" (worn) {rElec rC+ Int-5}
   (Okawaru gifted it to you on level 1 of the Lair of Beasts)

   Int:       It affects your intelligence (-5).
   rC:        It protects you from cold.
   rElec:     It insulates you from electricity.
 n - a +2 pair of boots (worn)
 s - a +2 pair of gloves (worn)
 C - the +1 cloak of Starlight (worn) {*Dazzle EV+4 Stlth--}
   (You found it in a Gauntlet)

   It may blind those who miss an attack against the wearer in melee combat.
   EV:        It affects your evasion (+4).
   Stlth:     It makes you much less stealthy.
 K - a scarf of resistance
 M - a +0 tower shield (worn)
Jewellery
 q - a ring of see invisible
 r - a ring of protection from cold
 u - a ring of resist corrosion
 v - a ring of protection from fire
 y - the amulet "Xojymil" {Reflect Harm rPois SH+5}
   (You acquired it on level 6 of the Dungeon)

   [amulet of reflection]

   It reflects blocked missile attacks.
   rPois:     It protects you from poison.
   SH:        It affects your SH (+5).
   Harm:      It increases damage dealt and taken.
 D - a ring of protection from cold
 E - the ring "Nely" (right hand) {rN+ Str+3 Dex+6}
   (You found it on level 3 of the Dungeon)

   [ring of dexterity]

   Str:       It affects your strength (+3).
   Dex:       It affects your dexterity (+6).
   rN:        It protects you from negative energy.
 F - the ring "Nofuplel" {Fire Contam rN+++ Will+ Dex-2}
   (You found it on level 9 of the Dungeon)

   [ring of fire]

   It enhances your fire magic.
   Dex:       It affects your dexterity (-2).
   rF:        It protects you from fire.
   rC:        It makes you vulnerable to cold.
   rN:        It renders you almost immune to negative energy.
   Contam:    It causes magical contamination when unequipped.
   Will:      It increases your willpower.
 G - a +6 ring of intelligence (left hand)
 H - a +6 ring of dexterity
 I - an amulet of regeneration (around neck)
 L - the ring "Leesukug" {rF+ rN++ rCorr Str+3 Dex-2}
   (You bought it in a shop on level 2 of the Snake Pit)

   [ring of protection from fire]

   Str:       It affects your strength (+3).
   Dex:       It affects your dexterity (-2).
   rF:        It protects you from fire.
   rN:        It greatly protects you from negative energy.
   rCorr:     It protects you from acid and corrosion.
Scrolls
 g - 4 scrolls of enchant weapon
 o - 7 scrolls of teleportation
 w - 10 scrolls of identify
Potions
 d - 2 potions of might
 f - 12 potions of curing
 h - 3 potions of cancellation
 i - 4 potions of haste
 k - 5 potions of heal wounds
 l - 4 potions of mutation
 m - 6 potions of magic
 z - a potion of resistance
 B - 4 potions of lignification
 J - 2 potions of attraction

Dungeon Overview and Level Annotations

Branches:
Dungeon (15/15)            Temple (0/1) D:5            Lair (5/5) D:11
  Swamp (4/4) Lair:2        Snake (3/4) Lair:2        Slime (0/5) Lair:4
    Orc (2/2) D:12            Elf (0/3) Orc:2        Vaults (0/5) D:13
 Depths (0/4) D:15        Gauntlet (visited)

Altars:
Ashenzari
Gozag
Makhleb
Nemelex Xobeh
Okawaru
Trog
Wu Jian
Xom
The Shining One
Jiyva

Shops:
D:7 *   D:13 [   Orc:2 (:*:   Snake:2 :==   Snake:3 *

Annotations:
D:6 1 runed translucent door, Crazy Yiuf
Swamp:4 Lernaean hydra


Message History

The 27-headed Lernaean hydra bites you but does no damage.
You block the 27-headed Lernaean hydra's attack.
The 27-headed Lernaean hydra bites you but does no damage. x2
The 27-headed Lernaean hydra bites you.
The 27-headed Lernaean hydra bites you but does no damage. x2
You block the 27-headed Lernaean hydra's attack.
The 27-headed Lernaean hydra closely misses you.
The 27-headed Lernaean hydra completely misses you.
The 27-headed Lernaean hydra misses you.
The 27-headed Lernaean hydra bites you but does no damage. x2
The 27-headed Lernaean hydra bites you.
The 27-headed Lernaean hydra bites you but does no damage. x7
The 27-headed Lernaean hydra barely misses you.
You block the 27-headed Lernaean hydra's attack.
The spriggan rider closely misses you. The 14-headed hydra barely misses you.
The 14-headed hydra closely misses you. x2
The 14-headed hydra bites you but does no damage. x5
The 14-headed hydra closely misses you. The 14-headed hydra misses you.
The 14-headed hydra bites you but does no damage.
The 14-headed hydra completely misses you.
The 14-headed hydra bites you. You block the 14-headed hydra's attack.
26772 ||| DRINKING 6 potions of heal wounds.
You feel much better.
The swamp worm bites the seven-headed hydra.
You block the 12-headed hydra's attack. x3
The 12-headed hydra bites you but does no damage.
The 12-headed hydra misses you. The 12-headed hydra barely misses you.
The 12-headed hydra bites you but does no damage.
The 12-headed hydra bites you. You block the 12-headed hydra's attack.
The 12-headed hydra misses you. The 12-headed hydra bites you!
The 12-headed hydra bites you but does no damage.
The swamp dragon bites you! The swamp dragon barely misses you.
The swamp dragon tramples you but does no damage.
The 27-headed Lernaean hydra bites you but does no damage.
You block the 27-headed Lernaean hydra's attack.
The 27-headed Lernaean hydra bites you but does no damage.
The 27-headed Lernaean hydra bites you.
The 27-headed Lernaean hydra bites you but does no damage.
The 27-headed Lernaean hydra bites you!
You die...

77~.~777.7~.~.77
7....777777#.~7
7.#....777777¤.77
7.~#.~~#.77~~7(~.77
7 ##..#~77 7~~~~.7
##.###.7 77~~~77
#.~~##~7 77~~(7 ~.~
##%~~#77 7~~~~777.¤
#D@D~# 77~~~~.77.~
#DD#~# 7.¤~~~777.¤
Di~D~~~# 7~.~~~7 7.
~Dw##D~~~#
777~~¤7777~ ...DD
.k¤~## 7777~~~~~
~~## ~.~~# 7...~~~~
. ~~~~# 77...~~.
~...~# 7777.~~ 7~¤~


You could see the 27-headed Lernaean hydra, a 14-headed hydra, a 12-headed
hydra, 2 seven-headed hydras, a six-headed hydra, a four-headed hydra, 3 swamp
dragons, a spriggan rider, a swamp worm (confused) and a swamp drake.

Vanquished Creatures
  Mlioglotl (Snake:1)
  Jorgrun (D:14)
  Aizul (Snake:3)
  Roxanne (D:14)
  A fenstrider witch (Swamp:1)
  A fire giant (D:13)
  An orc warlord (Orc:1)
  A bunyip (Swamp:4)
  A minotaur (Gauntlet)
  An eleionoma (Swamp:1)
  An ettin (D:13)
  Josephine (D:11)
  A shambling mangrove (Swamp:1)
  A spriggan air mage (Swamp:4)
  A vault guard (D:13)
  22 hydras
  2 ghost crabs
  Erica (Lair:2)
  A merfolk avatar (Lair:5)
  4 anacondas
  5 centaur warriors
  10 alligators
  2 boulder beetles
  7 death yaks
  5 two-headed ogres
  A death knight (D:12)
  Urug (D:11)
  A tengu warrior (D:9)
  7 naga warriors
  A shock serpent (Snake:1)
  3 naga sharpshooters
  Amaemon (Lair:2)
  3 sea snakes (Lair:5)
  5 skeletal warriors (D:15)
  A salamander mystic (Snake:3)
  2 goliath frogs
  A wizard (D:13)
  4 spriggan druids
  6 swamp dragons
  5 naga ritualists
  3 bog bodies
  A harpy (Lair:5)
  5 orc knights
  4 mana vipers
  A deep elf pyromancer (D:15)
  An orc sorcerer (Orc:1)
  5 cyclopes
  3 oklob plants (Lair:4)
  7 manticores
  10 salamanders
  A cyclops (shapeshifter) (D:15)
  16 ugly things
  A will-o-the-wisp (Swamp:2)
  16 elephants
  2 guardian serpents (Snake:3)
  31 black mambas
  Maurice (D:8)
  An orange demon (Lair:2)
  12 cane toads
  A torpor snail (Lair:1)
  12 naga magi
  A gargoyle (D:12)
  An unseen horror (D:12)
  3 rime drakes
  13 komodo dragons
  An unseen horror zombie (D:8)
  An efreet (Gauntlet)
  Maggie (Lair:2)
  5 yaktaurs (D:15)
  A freezing wraith (D:15)
  6 trolls
  3 meliai (D:14)
  17 hornets
  6 tyrant leeches
  5 polar bears
  32 blink frogs
  A wind drake (Lair:5)
  17 slime creatures
  A snapping turtle (Lair:5)
  A culicivora (shapeshifter) (D:14)
  16 spriggans
  3 wraiths (D:11)
  A fire elemental (Gauntlet)
  23 humans (D:13)
  47 yaks
  A vampire (D:9)
  3 basilisks
  5 wyverns
  5 vampire mosquitoes
  6 wargs
  A steam dragon (Lair:5)
  14 swamp worms
  An acid dragon (D:10)
  25 nagas
  16 water moccasins
  2 hell hounds (Gauntlet)
  37 orc warriors
  2 ice beasts (D:7)
  8 swamp drakes
  6 ogres
  24 centaurs
  6 wolves (Lair:3)
  2 phantoms
  3 kobold brigands
  3 gnoll sergeants (D:9)
  A necrophage (D:7)
  8 bullfrogs
  4 scorpions
  15 wights
  10 killer bees
  7 howler monkeys
  2 electric eels
  A centaur zombie (D:8)
  4 jellies
  4 hounds
  7 orc priests
  3 gnoll boudas (D:9)
  Jessica (D:3)
  3 iguanas
  19 orc wizards
  7 hell rats (Lair:2)
  2 killer bee zombies (D:8)
  A centaur simulacrum (D:9)
  8 adders
  25 gnolls
  A shadow imp (D:5)
  2 white imps (D:6)
  4 ufetubi
  2 worms
  3 dart slugs
  62 orcs
  8 endoplasms
  3 giant cockroaches
  2 goblins
  8 hobgoblins
  3 jackals (D:9)
  7 quokkas
  5 ball pythons
  7 bats
  4 frilled lizards
  17 kobolds
  7 rats
903 creatures vanquished.

Vanquished Creatures (others)
  An eleionoma (Swamp:2)
  2 hydras (Swamp:4)
  A naga warrior (Snake:3)
  3 bloated husks
  A hornet (Swamp:4)
  A spriggan (Swamp:4)
  An orc (Orc:2)
  38 demonic plants (Gauntlet)
  10 foxfires (Swamp:2)
  17 fungi
  58 plants
  2 withered plants (D:8)
135 creatures vanquished.

Grand Total: 1038 creatures vanquished

Notes
Turn   | Place    | Note
-------+----------+-------------------------------------------
     0 | D:1      | qw the Gargoyle Fighter began the quest for the Orb.
     0 | D:1      | Reached XP level 1. HP: 14/14 MP: 1/1
     0 | D:1      | 0 ||| qw: Version: 0.2-a-12-gaebbb33
     0 | D:1      | 0 ||| qw: Game counter: 792
     0 | D:1      | 0 ||| qw: Always use a shield: true
     0 | D:1      | 0 ||| qw: God list: Okawaru
     0 | D:1      | 0 ||| qw: Allow faded altars: false
     0 | D:1      | 0 ||| qw: Do Orc after D:15 true
     0 | D:1      | 0 ||| qw: Do second Lair branch before Depths: true
     0 | D:1      | 0 ||| qw: Lair rune preference: random
     0 | D:1      | 0 ||| qw: Plans: Normal, Zot:1-4, God:TSO, Crypt, Tomb,
                  | Pan, Slime:5, Hells, Abyss, Orb
     0 | D:1      | 0 ||| PLANNING D:1-11
   327 | D:1      | Reached XP level 2. HP: 18/19 MP: 2/2
   509 | D:1      | Found a faded altar of an unknown god.
   988 | D:1      | 988 ||| DROPPING ring of flight.
   989 | D:1      | 989 ||| READING scroll labelled DIUDGHE RINIOHE.
   989 | D:1      | Identified a scroll of acquirement
   989 | D:1      | 989 ||| ACQUIRING +8 mithril axe "Arga" {speed, Will+}
   989 | D:1      | Acquired the +8 mithril axe "Arga" {speed, Will+}
   989 | D:1      | Found the +8 mithril axe "Arga" {speed, Will+}
   991 | D:1      | 991 ||| SWAPPING to +8 mithril axe "Arga" {speed, Will+}.
   992 | D:1      | 992 ||| DROPPING +0 war axe.
   993 | D:1      | 993 ||| READING scroll labelled VITTE DAUSTRI.
   996 | D:1      | 996 ||| READING scroll labelled NYOLO LEEB.
   997 | D:1      | 997 ||| READING scroll labelled SAYFYN ZILORPH.
  1039 | D:1      | 1039 ||| DRINKING 2 fizzy white potions.
  1113 | D:2      | Reached skill level 3 in Axes
  1143 | D:2      | Reached skill level 1 in Throwing
  1143 | D:2      | Reached XP level 3. HP: 23/23 MP: 3/3
  1299 | D:2      | 1299 ||| Stepping ~*~*~tactically~*~*~ (stealth).
  1308 | D:2      | Reached XP level 4. HP: 28/28 MP: 4/4
  1467 | D:2      | Found an opulent altar of Gozag.
  1474 | D:2      | 1474 ||| UPGRADING to +0 pair of boots.
  1479 | D:2      | 1479 ||| READING scroll labelled AGOHIMIUSO.
  1507 | D:3      | 1507 ||| STAIRDANCE
  1512 | D:3      | 1512 ||| STAIRDANCE
  1523 | D:3      | Noticed Jessica
  1524 | D:3      | 1524 ||| Stepping ~*~*~tactically~*~*~ (hiding).
  1528 | D:3      | Killed Jessica
  1609 | D:3      | Identified the ring "Nely" {rN+ Str+3 Dex+6}
  1635 | D:3      | 1635 ||| FLEEEEING.
  1682 | D:3      | 1682 ||| Stepping ~*~*~tactically~*~*~ (stealth).
  1707 | D:3      | 1707 ||| Stepping ~*~*~tactically~*~*~ (hiding).
  1714 | D:3      | Reached XP level 5. HP: 31/32 MP: 5/5
  1742 | D:3      | 1742 ||| DROPPING +0 whip.
  1873 | D:3      | Noticed an ogre
  1873 | D:3      | You fall into a shaft and drop 2 floors!
  1873 | D:5      | Entered Level 5 of the Dungeon
  1874 | D:5      | 1874 ||| UPGRADING to +0 pair of gloves.
  1879 | D:5      | 1879 ||| UPGRADING to ring "Nely" {rN+ Str+3 Dex+6}.
  1880 | D:5      | 1880 ||| READING scroll labelled SEMIFU JADGH.
  1881 | D:5      | 1881 ||| READING scroll labelled JOINOA KAYNEA.
  1882 | D:5      | 1882 ||| READING scroll labelled ALUERPH BEFIZO.
  1883 | D:5      | 1883 ||| READING scroll labelled PODURIK FETRI.
  1884 | D:5      | 1884 ||| DRINKING 2 green potions.
  1885 | D:5      | 1885 ||| DRINKING 2 fizzy sapphire potions.
  1885 | D:5      | Gained mutation: Your muscles are strong. (Str +4, Int/Dex
                  | -1) [potion of mutation]
  1885 | D:5      | Gained mutation: You are partially covered in iridescent
                  | scales. (AC +2) [potion of mutation]
  1885 | D:5      | Gained mutation: Your muscles are very strong. (Str +8,
                  | Int/Dex -2) [potion of mutation]
  1886 | D:5      | 1886 ||| DROPPING potion of brilliance.
  1892 | D:4      | Noticed a phantom
  1898 | D:4      | Killed a phantom
  1928 | D:4      | 1928 ||| READING scroll labelled ITUB EMAAW.
  2027 | D:3      | Killed an ogre
  2028 | D:3      | Reached XP level 6. HP: 37/37 MP: 6/6
  2045 | D:3      | Found an opulent altar of Gozag.
  2067 | D:3      | 2067 ||| DRINKING 2 ruby potions.
  2068 | D:3      | 2068 ||| DROPPING potion of flight.
  2159 | D:4      | 2159 ||| Stepping ~*~*~tactically~*~*~ (stealth).
  2203 | D:4      | 2203 ||| Stepping ~*~*~tactically~*~*~ (stealth).
  2204 | D:4      | 2204 ||| Stepping ~*~*~tactically~*~*~ (stealth).
  2428 | D:4      | 2428 ||| Stepping ~*~*~tactically~*~*~ (stealth).
  2430 | D:4      | 2430 ||| Stepping ~*~*~tactically~*~*~ (hiding).
  2433 | D:4      | 2433 ||| Stepping ~*~*~tactically~*~*~ (hiding).
  2441 | D:4      | 2441 ||| FLEEEEING.
  2447 | D:4      | 2447 ||| STAIRDANCE
  2484 | D:3      | 2484 ||| DROPPING orb of guile.
  2485 | D:3      | 2485 ||| READING scroll labelled SICSUH VUTHROSA.
  2486 | D:3      | 2486 ||| DRINKING 2 coppery potions.
  2541 | D:4      | 2541 ||| Stepping ~*~*~tactically~*~*~ (hiding).
  2545 | D:4      | Reached XP level 7. HP: 36/43 MP: 7/7
  2605 | D:4      | 2605 ||| Stepping ~*~*~tactically~*~*~ (hiding).
  2613 | D:4      | Reached skill level 6 in Axes
  2900 | D:4      | 2900 ||| UPGRADING to +0 chain mail.
  2910 | D:4      | 2910 ||| DROPPING +0 scale mail.
  2996 | D:5      | Found an iron altar of Okawaru.
  2997 | D:5      | 2997 ||| PLANNING OKAWARU WORSHIP
  3004 | D:5      | Became a worshipper of Warmaster Okawaru
  3005 | D:5      | 3005 ||| PLANNING D:1-11
  3054 | D:5      | Found a bloodstained altar of Trog.
  3165 | D:5      | Found a burning altar of Makhleb.
  3316 | D:5      | Found a staircase to the Ecumenical Temple.
  3511 | D:5      | Identified the +7 mace "Wuofer" {flame, rF++ rC++ Dex-2}
  3982 | D:5      | 3982 ||| UPGRADING to ring of protection from cold.
  3983 | D:5      | 3983 ||| DRINKING 2 golden potions.
  3984 | D:5      | 3984 ||| READING 3 scrolls of identify.
  3984 | D:5      | 3984 ||| IDENTIFYING lumpy clear potion
  3985 | D:5      | 3985 ||| READING 2 scrolls of identify.
  3985 | D:5      | 3985 ||| IDENTIFYING red potion
  3986 | D:5      | 3986 ||| DROPPING potion of invisibility.
  4030 | D:6      | 4030 ||| PLANNING SEWER
  4090 | D:6      | Found a sparkling altar of Nemelex Xobeh.
  4124 | D:6      | 4124 ||| Stepping ~*~*~tactically~*~*~ (stealth).
  4136 | D:6      | Reached XP level 8. HP: 46/48 MP: 8/8
  4171 | D:6      | 4171 ||| READING scroll of acquirement.
  4171 | D:6      | 4171 ||| ACQUIRING amulet "Xojymil" {Reflect Harm rPois
                  | SH+5}
  4171 | D:6      | Acquired the amulet "Xojymil" {Reflect Harm rPois SH+5}
  4186 | D:6      | Reached * piety under Okawaru
  4209 | D:6      | 4209 ||| INVOKING Heroism.
  4275 | D:6      | 4275 ||| INVOKING Heroism.
  4277 | D:6      | Reached skill level 1 in Invocations
  4480 | D:6      | Found an ornate altar of the Wu Jian Council.
  4606 | D:6      | 4606 ||| DROPPING +1 hammer of protection.
  4607 | D:6      | Found a runed translucent door.
  4608 | D:6      | Noticed Crazy Yiuf
  4678 | D:6      | 4678 ||| RIP SEWER
  4705 | D:6      | 4705 ||| PLANNING D:1-11
  4705 | D:6      | 4705 ||| Stepping ~*~*~tactically~*~*~ (hiding).
  4710 | D:6      | 4710 ||| INVOKING Heroism.
  4717 | D:6      | 4717 ||| DRINKING 3 potions of curing.
  4717 | D:6      | 4717 ||| (to cure confusion)
  4735 | D:6      | 4735 ||| Stepping ~*~*~tactically~*~*~ (stealth).
  4746 | D:6      | 4746 ||| Stepping ~*~*~tactically~*~*~ (hiding).
  4747 | D:6      | 4747 ||| Stepping ~*~*~tactically~*~*~ (hiding).
  5241 | D:7      | 5241 ||| PLANNING OSSUARY
  5251 | D:7      | Reached skill level 3 in Invocations
  5290 | D:7      | Found a broken altar of Ashenzari.
  5323 | D:7      | Noticed a komodo dragon
  5324 | D:7      | 5324 ||| Stepping ~*~*~tactically~*~*~ (stealth).
  5326 | D:7      | 5326 ||| INVOKING Heroism.
  5332 | D:7      | Killed a komodo dragon
  5332 | D:7      | Reached ** piety under Okawaru
  5333 | D:7      | Reached XP level 9. HP: 16/54 MP: 8/12
  5349 | D:7      | 5349 ||| FLEEEEING.
  5350 | D:7      | 5350 ||| FLEEEEING.
  5355 | D:7      | 5355 ||| FLEEEEING.
  5366 | D:7      | 5366 ||| FLEEEEING.
  5367 | D:7      | 5367 ||| FLEEEEING.
  5368 | D:7      | 5368 ||| FLEEEEING.
  5369 | D:7      | 5369 ||| FLEEEEING.
  5370 | D:7      | 5370 ||| FLEEEEING.
  5371 | D:7      | 5371 ||| FLEEEEING.
  5372 | D:7      | 5372 ||| FLEEEEING.
  5374 | D:7      | 5374 ||| STAIRDANCE
  5692 | D:7      | Reached skill level 6 in Fighting
  5764 | D:7      | Found Iviunoat's Fire Supplies.
  5775 | D:7      | 5775 ||| BUYING +0 ring mail of fire resistance (176 gold).
  5775 | D:7      | Bought a +0 ring mail of fire resistance for 176 gold
                  | pieces
  5775 | D:7      | 5775 ||| SHOPLISTING +2 flail of flaming (292 gold, have
                  | 151).
  5775 | D:7      | 5775 ||| SHOPLISTING ring of protection from fire (400
                  | gold, have 151).
  5969 | D:7      | 5969 ||| RIP OSSUARY
  6006 | D:7      | 6006 ||| PLANNING D:1-11
  6230 | D:8      | 6230 ||| Stepping ~*~*~tactically~*~*~ (stealth).
  6293 | D:8      | 6293 ||| Stepping ~*~*~tactically~*~*~ (hiding).
  6459 | D:8      | 6459 ||| INVOKING Heroism.
  6511 | D:8      | 6511 ||| DROPPING +0 flail.
  6547 | D:8      | Noticed Maurice
  6557 | D:8      | Killed Maurice
  6557 | D:8      | Reached *** piety under Okawaru
  6558 | D:8      | Reached skill level 9 in Axes
  6575 | D:8      | 6575 ||| INVOKING Heroism.
  6644 | D:8      | 6644 ||| Stepping ~*~*~tactically~*~*~ (hiding).
  6657 | D:8      | 6657 ||| Stepping ~*~*~tactically~*~*~ (stealth).
  6891 | D:8      | Reached XP level 10. HP: 53/63 MP: 13/13
  7025 | D:8      | 7025 ||| INVOKING Heroism.
  7243 | D:8      | 7243 ||| UPGRADING to +0 cloak.
  7248 | D:8      | 7248 ||| READING 2 scrolls of identify.
  7248 | D:8      | 7248 ||| IDENTIFYING yellow potion
  7249 | D:8      | 7249 ||| DROPPING potion of degeneration.
  7278 | D:9      | 7278 ||| INVOKING Heroism.
  7282 | D:9      | Reached **** piety under Okawaru
  7325 | D:9      | 7325 ||| INVOKING Heroism.
  7354 | D:9      | 7354 ||| INVOKING Heroism.
  7391 | D:9      | 7391 ||| Stepping ~*~*~tactically~*~*~ (hiding).
  7498 | D:9      | 7498 ||| Stepping ~*~*~tactically~*~*~ (hiding).
  7500 | D:9      | 7500 ||| Stepping ~*~*~tactically~*~*~ (hiding).
  7505 | D:9      | 7505 ||| Stepping ~*~*~tactically~*~*~ (hiding).
  7511 | D:9      | 7511 ||| INVOKING Heroism.
  7577 | D:9      | 7577 ||| Stepping ~*~*~tactically~*~*~ (stealth).
  7580 | D:9      | 7580 ||| Stepping ~*~*~tactically~*~*~ (hiding).
  7581 | D:9      | 7581 ||| Stepping ~*~*~tactically~*~*~ (hiding).
  7662 | D:9      | 7662 ||| Stepping ~*~*~tactically~*~*~ (hiding).
  7664 | D:9      | 7664 ||| INVOKING Heroism.
  7685 | D:9      | 7685 ||| Stepping ~*~*~tactically~*~*~ (hiding).
  7686 | D:9      | 7686 ||| Stepping ~*~*~tactically~*~*~ (hiding).
  7761 | D:9      | 7761 ||| INVOKING Heroism.
  7768 | D:9      | Reached skill level 3 in Throwing
  7855 | D:9      | 7855 ||| Stepping ~*~*~tactically~*~*~ (hiding).
  7856 | D:9      | 7856 ||| Stepping ~*~*~tactically~*~*~ (hiding).
  7863 | D:9      | Reached skill level 6 in Invocations
  7864 | D:9      | 7864 ||| Stepping ~*~*~tactically~*~*~ (stealth).
  7872 | D:9      | 7872 ||| Stepping ~*~*~tactically~*~*~ (stealth).
  7875 | D:9      | 7875 ||| Stepping ~*~*~tactically~*~*~ (stealth).
  7913 | D:9      | Identified the ring "Nofuplel" {Fire Contam rN+++ Will+
                  | Dex-2}
  8008 | D:9      | Reached skill level 6 in Armour
  8065 | D:9      | Noticed a tengu warrior
  8070 | D:9      | Killed a tengu warrior
  8070 | D:9      | Received a gift from Okawaru
  8121 | D:9      | Noticed a two-headed ogre
  8122 | D:9      | 8122 ||| INVOKING Heroism.
  8126 | D:9      | Killed a two-headed ogre
  8127 | D:9      | Reached XP level 11. HP: 68/68 MP: 13/16
  8144 | D:9      | Identified the +7 mace "Kaeru" {freeze, Dex+2}
  8148 | D:9      | Noticed a two-headed ogre
  8159 | D:9      | Killed a two-headed ogre
  8159 | D:9      | Reached ***** piety under Okawaru
  8393 | D:9      | 8393 ||| INVOKING Heroism.
  8620 | D:9      | 8620 ||| UPGRADING to +0 plate armour.
  8630 | D:9      | 8630 ||| DROPPING +0 chain mail.
  8631 | D:9      | 8631 ||| DROPPING +1 ring mail of cold resistance.
  8632 | D:9      | 8632 ||| DROPPING +0 ring mail of fire resistance.
  8633 | D:9      | 8633 ||| UPGRADING to +0 kite shield.
  8643 | D:9      | 8643 ||| DROPPING +0 buckler.
  8644 | D:9      | 8644 ||| UPGRADING to amulet of regeneration.
  8649 | D:9      | 8649 ||| UPGRADING to ring of see invisible.
  8651 | D:9      | 8651 ||| READING scroll labelled HUMEEL LOXADUSCH.
  8652 | D:9      | 8652 ||| READING scroll labelled YHOHIRCHAMNU.
  8653 | D:9      | 8653 ||| READING 4 scrolls of identify.
  8653 | D:9      | 8653 ||| IDENTIFYING lumpy brown potion
  8654 | D:9      | 8654 ||| READING 3 scrolls of identify.
  8654 | D:9      | 8654 ||| IDENTIFYING clear potion
  8655 | D:9      | 8655 ||| READING 2 scrolls of identify.
  8655 | D:9      | 8655 ||| IDENTIFYING sedimented orange potion
  8656 | D:9      | 8656 ||| DROPPING potion of berserk rage.
  8671 | D:10     | Entered Level 10 of the Dungeon
  8672 | D:10     | 8672 ||| STAIRDANCE
  8682 | D:10     | 8682 ||| STAIRDANCE
  8700 | D:10     | Found a shimmering altar of Xom.
  8794 | D:10     | 8794 ||| Stepping ~*~*~tactically~*~*~ (hiding).
  8951 | D:10     | Found a glowing golden altar of the Shining One.
  8952 | D:10     | 8952 ||| Stepping ~*~*~tactically~*~*~ (hiding).
  8953 | D:10     | 8953 ||| Stepping ~*~*~tactically~*~*~ (stealth).
  8957 | D:10     | 8957 ||| INVOKING Heroism.
  9155 | D:10     | 9155 ||| UPGRADING to +2 helmet.
  9186 | D:11     | Noticed a centaur warrior
  9187 | D:11     | 9187 ||| INVOKING Heroism.
  9204 | D:11     | Killed a centaur warrior
  9205 | D:11     | Reached skill level 6 in Shields
  9205 | D:11     | Reached skill level 9 in Invocations
  9270 | D:11     | 9270 ||| INVOKING Heroism.
  9299 | D:11     | Noticed Josephine
  9307 | D:11     | Identified the +0 helmet "Lukarem" {Contam rN+ Int+3}
                  | (Okawaru gifted it to you on level 11 of the Dungeon)
  9307 | D:11     | Received a gift from Okawaru
  9310 | D:11     | Killed Josephine
  9380 | D:11     | Noticed Urug
  9381 | D:11     | 9381 ||| INVOKING Heroism.
  9382 | D:11     | 9382 ||| INVOKING Finesse.
  9389 | D:11     | Killed Urug
  9543 | D:11     | 9543 ||| INVOKING Heroism.
  9626 | D:11     | Found a staircase to the Lair.
  9649 | D:11     | 9649 ||| INVOKING Heroism.
  9653 | D:11     | 9653 ||| Stepping ~*~*~tactically~*~*~ (hiding).
  9811 | D:11     | Noticed a two-headed ogre
  9812 | D:11     | 9812 ||| INVOKING Heroism.
  9821 | D:11     | Killed a two-headed ogre
  9822 | D:11     | Reached skill level 9 in Shields
  9839 | D:11     | Noticed a two-headed ogre
  9842 | D:11     | Killed a two-headed ogre
  9843 | D:11     | Reached XP level 12. HP: 73/73 MP: 19/19
 10046 | D:11     | 10046 ||| PLANNING LAIR
 10046 | D:11     | 10046 ||| DROPPING +0 helmet "Lukarem" {Contam rN+ Int+3}.
 10047 | D:11     | 10047 ||| READING scroll labelled EKYGAS ILOS.
 10080 | Lair:1   | Entered Level 1 of the Lair of Beasts
 10152 | Lair:1   | 10152 ||| INVOKING Heroism.
 10177 | Lair:1   | 10177 ||| Stepping ~*~*~tactically~*~*~ (stealth).
 10187 | Lair:1   | Noticed a death yak
 10188 | Lair:1   | 10188 ||| INVOKING Finesse.
 10192 | Lair:1   | 10192 ||| Stepping ~*~*~tactically~*~*~ (stealth).
 10193 | Lair:1   | 10193 ||| Stepping ~*~*~tactically~*~*~ (stealth).
 10200 | Lair:1   | 10200 ||| Stepping ~*~*~tactically~*~*~ (water).
 10207 | Lair:1   | Killed a death yak
 10247 | Lair:1   | 10247 ||| Stepping ~*~*~tactically~*~*~ (hiding).
 10248 | Lair:1   | 10248 ||| Stepping ~*~*~tactically~*~*~ (hiding).
 10254 | Lair:1   | Identified the +9 chain mail "Jenkus" {rElec rC+ Int-5}
                  | (Okawaru gifted it to you on level 1 of the Lair of Beasts)
 10254 | Lair:1   | Received a gift from Okawaru
 10268 | Lair:1   | 10268 ||| Stepping ~*~*~tactically~*~*~ (stealth).
 10270 | Lair:1   | 10270 ||| INVOKING Heroism.
 10394 | Lair:1   | 10394 ||| Stepping ~*~*~tactically~*~*~ (stealth).
 10468 | Lair:1   | 10468 ||| Stepping ~*~*~tactically~*~*~ (hiding).
 10683 | Lair:1   | 10683 ||| READING scroll of enchant armour.
 10683 | Lair:1   | 10683 ||| ENCHANTING +0 pair of gloves.
 10780 | Lair:1   | Noticed a seven-headed hydra
 10781 | Lair:1   | 10781 ||| INVOKING Heroism.
 10782 | Lair:1   | 10782 ||| SWAPPING to +2 morningstar.
 10783 | Lair:1   | 10783 ||| INVOKING Finesse.
 10789 | Lair:1   | Killed a seven-headed hydra
 10790 | Lair:1   | 10790 ||| SWAPPING to +8 mithril axe "Arga" {speed, Will+}.
 11088 | Lair:1   | 11088 ||| UPGRADING to +9 chain mail "Jenkus" {rElec rC+
                  | Int-5}.
 11098 | Lair:1   | 11098 ||| DROPPING +0 plate armour.
 11099 | Lair:1   | 11099 ||| DRINKING 2 fuming red potions.
 11140 | Lair:2   | 11140 ||| INVOKING Heroism.
 11142 | Lair:2   | 11142 ||| STAIRDANCE
 11172 | Lair:2   | 11172 ||| INVOKING Heroism.
 11174 | Lair:2   | Reached skill level 9 in Fighting
 11221 | Lair:2   | 11221 ||| INVOKING Heroism.
 11224 | Lair:2   | Noticed Maggie
 11238 | Lair:2   | Killed Maggie
 11279 | Lair:2   | Noticed Amaemon
 11280 | Lair:2   | 11280 ||| INVOKING Heroism.
 11281 | Lair:2   | Found a staircase to the Snake Pit.
 11286 | Lair:2   | Reached skill level 3 in Dodging
 11298 | Lair:2   | Killed Amaemon
 11315 | Lair:2   | 11315 ||| DROPPING +2 morningstar.
 11331 | Lair:2   | Noticed Erica
 11332 | Lair:2   | 11332 ||| INVOKING Heroism.
 11333 | Lair:2   | 11333 ||| INVOKING Finesse.
 11334 | Lair:2   | 11334 ||| INVOKING Finesse.
 11341 | Lair:2   | Killed Erica
 11392 | Lair:2   | 11392 ||| INVOKING Heroism.
 11393 | Lair:2   | Noticed a death yak
 11394 | Lair:2   | 11394 ||| INVOKING Finesse.
 11397 | Lair:2   | Noticed a death yak
 11402 | Lair:2   | Noticed a death yak
 11405 | Lair:2   | Noticed a death yak
 11407 | Lair:2   | Noticed a death yak
 11409 | Lair:2   | Killed a death yak
 11410 | Lair:2   | Reached XP level 13. HP: 80/80 MP: 13/20
 11416 | Lair:2   | Reached skill level 12 in Axes
 11512 | Lair:2   | 11512 ||| Stepping ~*~*~tactically~*~*~ (stealth).
 11514 | Lair:2   | 11514 ||| Stepping ~*~*~tactically~*~*~ (stealth).
 11515 | Lair:2   | 11515 ||| INVOKING Heroism.
 11535 | Lair:2   | Identified the +2 broad axe "Leuduhur" {vamp, rF+ rC++
                  | rCorr Str-4} (Okawaru gifted it to you on level 2 of the
                  | Lair of Beasts)
 11535 | Lair:2   | Received a gift from Okawaru
 11552 | Lair:2   | 11552 ||| SWAPPING to +2 broad axe "Leuduhur" {vamp, rF+
                  | rC++ rCorr Str-4}.
 11734 | Lair:2   | 11734 ||| INVOKING Heroism.
 11736 | Lair:2   | 11736 ||| Stepping ~*~*~tactically~*~*~ (stealth).
 11737 | Lair:2   | 11737 ||| Stepping ~*~*~tactically~*~*~ (stealth).
 11802 | Lair:2   | 11802 ||| INVOKING Heroism.
 11874 | Lair:2   | 11874 ||| INVOKING Heroism.
 11875 | Lair:2   | 11875 ||| SWAPPING to -2 demon whip of venom.
 11876 | Lair:2   | 11876 ||| INVOKING Finesse.
 11895 | Lair:2   | 11895 ||| SWAPPING to +2 broad axe "Leuduhur" {vamp, rF+
                  | rC++ rCorr Str-4}.
 11930 | Lair:2   | Found a staircase to the Swamp.
 12347 | Lair:2   | 12347 ||| READING scroll labelled IDWEECR UKIMN.
 12482 | Lair:3   | 12482 ||| Stepping ~*~*~tactically~*~*~ (stealth).
 12484 | Lair:3   | 12484 ||| Stepping ~*~*~tactically~*~*~ (stealth).
 12485 | Lair:3   | 12485 ||| INVOKING Heroism.
 12486 | Lair:3   | 12486 ||| INVOKING Finesse.
 12492 | Lair:3   | 12492 ||| SWAPPING to -2 demon whip of venom.
 12500 | Lair:3   | 12500 ||| SWAPPING to +2 broad axe "Leuduhur" {vamp, rF+
                  | rC++ rCorr Str-4}.
 12535 | Lair:3   | 12535 ||| INVOKING Heroism.
 12554 | Lair:3   | 12554 ||| STAIRDANCE
 12678 | Lair:3   | 12678 ||| Stepping ~*~*~tactically~*~*~ (stealth).
 12681 | Lair:3   | 12681 ||| Stepping ~*~*~tactically~*~*~ (stealth).
 12686 | Lair:3   | Received a gift from Okawaru
 12687 | Lair:3   | Reached skill level 9 in Armour
 12730 | Lair:3   | 12730 ||| Stepping ~*~*~tactically~*~*~ (stealth).
 12793 | Lair:3   | 12793 ||| INVOKING Heroism.
 13084 | Lair:3   | 13084 ||| INVOKING Heroism.
 13180 | Lair:3   | 13180 ||| INVOKING Heroism.
 13181 | Lair:3   | 13181 ||| INVOKING Finesse.
 13183 | Lair:3   | 13183 ||| SWAPPING to -2 demon whip of venom.
 13193 | Lair:3   | 13193 ||| SWAPPING to +2 broad axe "Leuduhur" {vamp, rF+
                  | rC++ rCorr Str-4}.
 13325 | Lair:3   | 13325 ||| FLEEEEING.
 13326 | Lair:3   | 13326 ||| FLEEEEING.
 13355 | Lair:3   | 13355 ||| INVOKING Heroism.
 13395 | Lair:3   | 13395 ||| FLEEEEING.
 13398 | Lair:3   | 13398 ||| FLEEEEING.
 13399 | Lair:3   | 13399 ||| FLEEEEING.
 13400 | Lair:3   | 13400 ||| FLEEEEING.
 13401 | Lair:3   | 13401 ||| FLEEEEING.
 13402 | Lair:3   | 13402 ||| FLEEEEING.
 13403 | Lair:3   | 13403 ||| FLEEEEING.
 13404 | Lair:3   | 13404 ||| FLEEEEING.
 13405 | Lair:3   | 13405 ||| FLEEEEING.
 13406 | Lair:3   | 13406 ||| FLEEEEING.
 13407 | Lair:3   | 13407 ||| FLEEEEING.
 13485 | Lair:3   | 13485 ||| INVOKING Heroism.
 13551 | Lair:3   | 13551 ||| FLEEEEING.
 13552 | Lair:3   | 13552 ||| FLEEEEING.
 13553 | Lair:3   | 13553 ||| FLEEEEING.
 13554 | Lair:3   | 13554 ||| FLEEEEING.
 13633 | Lair:3   | 13633 ||| DROPPING amulet of the acrobat.
 13644 | Lair:3   | 13644 ||| FLEEEEING.
 13645 | Lair:3   | 13645 ||| FLEEEEING.
 13646 | Lair:3   | 13646 ||| FLEEEEING.
 13647 | Lair:3   | 13647 ||| FLEEEEING.
 13648 | Lair:3   | 13648 ||| FLEEEEING.
 13649 | Lair:3   | 13649 ||| FLEEEEING.
 13650 | Lair:3   | 13650 ||| FLEEEEING.
 13651 | Lair:3   | 13651 ||| FLEEEEING.
 13652 | Lair:3   | 13652 ||| FLEEEEING.
 13653 | Lair:3   | 13653 ||| FLEEEEING.
 13687 | Lair:4   | 13687 ||| PLANNING GAUNTLET
 13689 | Lair:4   | 13689 ||| Stepping ~*~*~tactically~*~*~ (stealth).
 13690 | Lair:4   | 13690 ||| INVOKING Heroism.
 13696 | Lair:4   | 13696 ||| Stepping ~*~*~tactically~*~*~ (stealth).
 13697 | Lair:4   | 13697 ||| Stepping ~*~*~tactically~*~*~ (stealth).
 13703 | Lair:4   | Gained mutation: Your large and strong wings let you fly.
                  | [Gargoyle growth]
 13703 | Lair:4   | Reached XP level 14. HP: 88/88 MP: 21/21
 13779 | Lair:4   | 13779 ||| READING scroll of enchant armour.
 13779 | Lair:4   | 13779 ||| ENCHANTING +1 pair of gloves.
 13824 | Lair:4   | 13824 ||| INVOKING Heroism.
 13825 | Lair:4   | 13825 ||| INVOKING Finesse.
 13826 | Lair:4   | Found a staircase to the Slime Pits.
 13826 | Lair:4   | Found a viscous altar of Jiyva.
 13952 | Lair:4   | 13952 ||| Stepping ~*~*~tactically~*~*~ (stealth).
 13955 | Lair:4   | Found a gate leading to a gauntlet.
 13960 | Lair:4   | 13960 ||| READING 4 scrolls of identify.
 13960 | Lair:4   | 13960 ||| IDENTIFYING sedimented cyan potion
 13961 | Lair:4   | 13961 ||| DROPPING potion of ambrosia.
 13970 | Gauntlet | Entered a Gauntlet
 13970 | Gauntlet | Found a large runed translucent door.
 13970 | Gauntlet | Found a large runed translucent door.
 13970 | Gauntlet | Found a large runed translucent door.
 13970 | Gauntlet | Found a large runed translucent door.
 13970 | Gauntlet | Found a large runed translucent door.
 13970 | Gauntlet | Found a large runed translucent door.
 13970 | Gauntlet | Found a large runed translucent door.
 13970 | Gauntlet | Found a large runed translucent door.
 13970 | Gauntlet | Found a runed translucent door.
 13970 | Gauntlet | Found a runed translucent gate.
 13970 | Gauntlet | Found a transporter.
 13970 | Gauntlet | Found a transporter.
 13970 | Gauntlet | Found a runed translucent gate.
 13970 | Gauntlet | Found a transporter.
 13971 | Gauntlet | Found a transporter.
 13974 | Gauntlet | Found a transporter.
 13984 | Gauntlet | Found the +1 cloak of Starlight {*Dazzle EV+4 Stlth--}
 13986 | Gauntlet | Found a transporter.
 14044 | Gauntlet | Found a runed translucent door.
 14045 | Gauntlet | Found a large runed translucent door.
 14045 | Gauntlet | Found a large runed translucent door.
 14045 | Gauntlet | Found a large runed translucent door.
 14045 | Gauntlet | Found a large runed translucent door.
 14046 | Gauntlet | Found a large runed translucent door.
 14046 | Gauntlet | Found a large runed translucent door.
 14047 | Gauntlet | Found a large runed translucent door.
 14047 | Gauntlet | Found a large runed translucent door.
 14051 | Gauntlet | Found a transporter.
 14061 | Gauntlet | Found a transporter.
 14077 | Gauntlet | Found a transporter.
 14091 | Gauntlet | Found a transporter.
 14102 | Gauntlet | Found a transporter.
 14108 | Gauntlet | Found a transporter.
 14131 | Gauntlet | Found a runed translucent gate.
 14185 | Gauntlet | 14185 ||| INVOKING Heroism.
 14225 | Gauntlet | Identified the +0 cloak of Ruoles {Fly}
 14227 | Gauntlet | 14227 ||| DROPPING +0 cloak of Ruoles {Fly}.
 14241 | Gauntlet | 14241 ||| UPGRADING to +1 cloak of Starlight {*Dazzle EV+4
                  | Stlth--}.
 14251 | Gauntlet | 14251 ||| DROPPING +0 cloak.
 14252 | Gauntlet | 14252 ||| Stepping randomly (stuck).
 14253 | Gauntlet | 14253 ||| Stepping randomly (stuck).
 14255 | Gauntlet | 14255 ||| Stepping randomly (stuck).
 14256 | Gauntlet | 14256 ||| Stepping randomly (stuck).
 14257 | Gauntlet | 14257 ||| Stepping randomly (stuck).
 14284 | Gauntlet | Identified the +8 mace of Extermination {distort, Contam
                  | rF++ rN++}
 14285 | Gauntlet | 14285 ||| INVOKING Heroism.
 14286 | Gauntlet | 14286 ||| INVOKING Finesse.
 14423 | Lair:4   | 14423 ||| PLANNING LAIR
 14815 | Lair:5   | Entered Level 5 of the Lair of Beasts
 14818 | Lair:5   | 14818 ||| Stepping ~*~*~tactically~*~*~ (stealth).
 14825 | Lair:5   | Received a gift from Okawaru
 14826 | Lair:5   | 14826 ||| INVOKING Heroism.
 14847 | Lair:5   | 14847 ||| Stepping ~*~*~tactically~*~*~ (stealth).
 14854 | Lair:5   | 14854 ||| INVOKING Finesse.
 14862 | Lair:5   | 14862 ||| SWAPPING to -2 demon whip of venom.
 14863 | Lair:5   | 14863 ||| Stepping ~*~*~tactically~*~*~ (outnumbered).
 14864 | Lair:5   | 14864 ||| Stepping ~*~*~tactically~*~*~ (outnumbered).
 14865 | Lair:5   | 14865 ||| Stepping ~*~*~tactically~*~*~ (outnumbered).
 14866 | Lair:5   | 14866 ||| Stepping ~*~*~tactically~*~*~ (outnumbered).
 14867 | Lair:5   | 14867 ||| Stepping ~*~*~tactically~*~*~ (outnumbered).
 14870 | Lair:5   | 14870 ||| Stepping ~*~*~tactically~*~*~ (outnumbered).
 14882 | Lair:5   | Reached skill level 12 in Shields
 14882 | Lair:5   | 14882 ||| SWAPPING to +2 broad axe "Leuduhur" {vamp, rF+
                  | rC++ rCorr Str-4}.
 14916 | Lair:5   | 14916 ||| Stepping ~*~*~tactically~*~*~ (stealth).
 14931 | Lair:5   | 14931 ||| INVOKING Heroism.
 14932 | Lair:5   | 14932 ||| INVOKING Finesse.
 14934 | Lair:5   | 14934 ||| SWAPPING to -2 demon whip of venom.
 14942 | Lair:5   | 14942 ||| SWAPPING to +2 broad axe "Leuduhur" {vamp, rF+
                  | rC++ rCorr Str-4}.
 14956 | Lair:5   | Reached skill level 6 in Throwing
 14978 | Lair:5   | Received a gift from Okawaru
 15005 | Lair:5   | Identified the +0 lajatang of Offence {protect, Drain rF+
                  | rN+ Int+2 Dex+7} (Okawaru gifted it to you on level 5 of
                  | the Lair of Beasts)
 15005 | Lair:5   | Received a gift from Okawaru
 15021 | Lair:5   | Reached skill level 15 in Axes
 15038 | Lair:5   | 15038 ||| INVOKING Finesse.
 15191 | Lair:5   | 15191 ||| Stepping ~*~*~tactically~*~*~ (hiding).
 15193 | Lair:5   | 15193 ||| Stepping ~*~*~tactically~*~*~ (hiding).
 15979 | Lair:5   | 15979 ||| PLANNING D
 16095 | D:12     | 16095 ||| STAIRDANCE
 16120 | D:12     | Reached XP level 15. HP: 94/94 MP: 22/22
 16152 | D:12     | Received a gift from Okawaru
 16276 | D:12     | 16276 ||| Stepping ~*~*~tactically~*~*~ (hiding).
 16309 | D:12     | 16309 ||| FLEEEEING.
 16329 | D:12     | 16329 ||| INVOKING Heroism.
 16344 | D:12     | Reached skill level 12 in Fighting
 16487 | D:12     | 16487 ||| INVOKING Heroism.
 16491 | D:12     | 16491 ||| READING 6 scrolls of teleportation.
 16723 | D:12     | Found a staircase to the Orcish Mines.
 16773 | D:12     | 16773 ||| UPGRADING to +6 ring of intelligence.
 16775 | D:12     | 16775 ||| UPGRADING to ring "Nely" {rN+ Str+3 Dex+6}.
 16870 | D:13     | 16870 ||| Stepping ~*~*~tactically~*~*~ (hiding).
 16873 | D:13     | 16873 ||| INVOKING Heroism.
 16960 | D:13     | 16960 ||| Stepping ~*~*~tactically~*~*~ (stealth).
 16961 | D:13     | 16961 ||| Stepping ~*~*~tactically~*~*~ (stealth).
 16965 | D:13     | 16965 ||| Stepping ~*~*~tactically~*~*~ (stealth).
 16968 | D:13     | 16968 ||| Stepping ~*~*~tactically~*~*~ (stealth).
 16969 | D:13     | 16969 ||| INVOKING Heroism.
 16970 | D:13     | 16970 ||| Stepping ~*~*~tactically~*~*~ (stealth).
 17133 | D:13     | 17133 ||| INVOKING Heroism.
 17134 | D:13     | 17134 ||| INVOKING Finesse.
 17137 | D:13     | 17137 ||| Stepping ~*~*~tactically~*~*~ (stealth).
 17138 | D:13     | 17138 ||| Stepping ~*~*~tactically~*~*~ (stealth).
 17140 | D:13     | 17140 ||| Stepping ~*~*~tactically~*~*~ (stealth).
 17142 | D:13     | 17142 ||| SWAPPING to -2 demon whip of venom.
 17142 | D:13     | Noticed a fire giant
 17147 | D:13     | 17147 ||| Stepping ~*~*~tactically~*~*~ (outnumbered).
 17148 | D:13     | 17148 ||| Stepping ~*~*~tactically~*~*~ (outnumbered).
 17154 | D:13     | 17154 ||| Stepping ~*~*~tactically~*~*~ (outnumbered).
 17157 | D:13     | 17157 ||| SWAPPING to +2 broad axe "Leuduhur" {vamp, rF+
                  | rC++ rCorr Str-4}.
 17170 | D:13     | Killed a fire giant
 17173 | D:13     | Received a gift from Okawaru
 17374 | D:13     | Found Kiruyxu's Antique Armour Shoppe.
 17483 | D:13     | 17483 ||| INVOKING Heroism.
 17507 | D:13     | 17507 ||| READING scroll of enchant armour.
 17507 | D:13     | 17507 ||| ENCHANTING +0 pair of boots.
 17522 | D:13     | 17522 ||| INVOKING Heroism.
 17572 | D:13     | Found a gate to the Vaults.
 17573 | D:13     | 17573 ||| INVOKING Heroism.
 17641 | D:13     | 17641 ||| DROPPING +1 hat.
 17642 | D:13     | 17642 ||| DROPPING +0 pair of boots of rampaging.
 17643 | D:13     | 17643 ||| UPGRADING to +0 tower shield.
 17653 | D:13     | 17653 ||| DROPPING +0 kite shield.
 17654 | D:13     | 17654 ||| READING 6 scrolls of identify.
 17654 | D:13     | 17654 ||| IDENTIFYING bubbling emerald potion
 17660 | D:14     | Noticed Jorgrun
 17661 | D:14     | 17661 ||| INVOKING Heroism.
 17662 | D:14     | 17662 ||| INVOKING Finesse.
 17684 | D:14     | Killed Jorgrun
 17721 | D:14     | 17721 ||| Stepping ~*~*~tactically~*~*~ (stealth).
 17724 | D:14     | 17724 ||| Stepping ~*~*~tactically~*~*~ (stealth).
 17729 | D:14     | 17729 ||| INVOKING Heroism.
 17735 | D:14     | 17735 ||| Stepping ~*~*~tactically~*~*~ (stealth).
 17966 | D:14     | 17966 ||| Stepping ~*~*~tactically~*~*~ (hiding).
 17968 | D:14     | 17968 ||| INVOKING Heroism.
 18012 | D:14     | 18012 ||| Stepping ~*~*~tactically~*~*~ (stealth).
 18016 | D:14     | 18016 ||| INVOKING Heroism.
 18022 | D:14     | Identified the +1 ring mail of Dyspraxia {rC+ rN++}
                  | (Okawaru gifted it to you on level 14 of the Dungeon)
 18022 | D:14     | Received a gift from Okawaru
 18206 | D:14     | 18206 ||| Stepping ~*~*~tactically~*~*~ (hiding).
 18343 | D:14     | Noticed Roxanne
 18344 | D:14     | 18344 ||| INVOKING Heroism.
 18345 | D:14     | 18345 ||| INVOKING Finesse.
 18372 | D:14     | Killed Roxanne
 18500 | D:14     | 18500 ||| READING scroll labelled ORUSI UTONISS.
 18537 | D:15     | Entered Level 15 of the Dungeon
 18568 | D:15     | 18568 ||| Stepping ~*~*~tactically~*~*~ (hiding).
 18738 | D:15     | 18738 ||| INVOKING Heroism.
 18836 | D:15     | 18836 ||| INVOKING Heroism.
 18843 | D:15     | 18843 ||| READING 9 scrolls of teleportation.
 18853 | D:15     | 18853 ||| SWAPPING to -2 demon whip of venom.
 18854 | D:15     | 18854 ||| INVOKING Finesse.
 18864 | D:15     | 18864 ||| SWAPPING to +2 broad axe "Leuduhur" {vamp, rF+
                  | rC++ rCorr Str-4}.
 18914 | D:15     | 18914 ||| INVOKING Heroism.
 18916 | D:15     | 18916 ||| READING 8 scrolls of teleportation.
 19001 | D:15     | 19001 ||| READING scroll of enchant armour.
 19001 | D:15     | 19001 ||| ENCHANTING +1 pair of boots.
 19026 | D:15     | 19026 ||| INVOKING Heroism.
 19050 | D:15     | Reached XP level 16. HP: 101/101 MP: 23/23
 19061 | D:15     | Reached skill level 15 in Shields
 19090 | D:15     | 19090 ||| Stepping ~*~*~tactically~*~*~ (hiding).
 19101 | D:15     | 19101 ||| INVOKING Heroism.
 19189 | D:15     | 19189 ||| INVOKING Heroism.
 19190 | D:15     | 19190 ||| INVOKING Finesse.
 19191 | D:15     | 19191 ||| SWAPPING to -2 demon whip of venom.
 19194 | D:15     | 19194 ||| Stepping ~*~*~tactically~*~*~ (outnumbered).
 19195 | D:15     | 19195 ||| SWAPPING to +2 broad axe "Leuduhur" {vamp, rF+
                  | rC++ rCorr Str-4}.
 19198 | D:15     | 19198 ||| SWAPPING to -2 demon whip of venom.
 19206 | D:15     | 19206 ||| SWAPPING to +2 broad axe "Leuduhur" {vamp, rF+
                  | rC++ rCorr Str-4}.
 19246 | D:15     | Found a staircase to the Depths.
 19448 | D:15     | 19448 ||| PLANNING ORC
 19512 | Orc:1    | Entered Level 1 of the Orcish Mines
 19560 | Orc:1    | 19560 ||| Stepping ~*~*~tactically~*~*~ (stealth).
 19574 | Orc:1    | 19574 ||| Stepping ~*~*~tactically~*~*~ (stealth).
 19576 | Orc:1    | 19576 ||| INVOKING Heroism.
 19716 | Orc:1    | 19716 ||| Stepping ~*~*~tactically~*~*~ (hiding).
 19722 | Orc:1    | 19722 ||| INVOKING Heroism.
 19818 | Orc:2    | Entered Level 2 of the Orcish Mines
 19818 | Orc:2    | Found a staircase to the Elven Halls.
 19819 | Orc:2    | 19819 ||| INVOKING Heroism.
 19820 | Orc:2    | 19820 ||| STAIRDANCE
 19841 | Orc:2    | 19841 ||| INVOKING Heroism.
 19947 | Orc:2    | 19947 ||| Stepping ~*~*~tactically~*~*~ (hiding).
 19948 | Orc:2    | 19948 ||| Stepping ~*~*~tactically~*~*~ (hiding).
 20228 | Orc:2    | 20228 ||| Stepping ~*~*~tactically~*~*~ (stealth).
 20230 | Orc:2    | 20230 ||| INVOKING Heroism.
 20245 | Orc:2    | Found Abria's Weapon Shoppe.
 20246 | Orc:2    | Found Fobb's Assorted Antiques.
 20246 | Orc:2    | Found Owicatok's Book Emporium.
 20258 | Orc:2    | Found Neimyf's Book Boutique.
 20262 | Orc:2    | 20262 ||| BUYING potion of haste (320 gold).
 20262 | Orc:2    | Bought a potion of haste for 320 gold pieces
 20262 | Orc:2    | 20262 ||| BUYING potion of magic (256 gold).
 20262 | Orc:2    | Bought a potion of magic for 256 gold pieces
 20262 | Orc:2    | 20262 ||| BUYING scroll of identify (64 gold).
 20262 | Orc:2    | Bought a scroll of identify for 64 gold pieces
 20484 | Orc:2    | 20484 ||| DROPPING scarf of harm.
 20550 | Orc:1    | 20550 ||| Stepping ~*~*~tactically~*~*~ (hiding).
 20551 | Orc:1    | 20551 ||| Stepping ~*~*~tactically~*~*~ (hiding).
 20553 | Orc:1    | 20553 ||| INVOKING Heroism.
 20598 | Orc:1    | 20598 ||| Stepping ~*~*~tactically~*~*~ (hiding).
 20599 | Orc:1    | 20599 ||| Stepping ~*~*~tactically~*~*~ (hiding).
 20601 | Orc:1    | 20601 ||| INVOKING Heroism.
 20706 | Orc:1    | 20706 ||| PLANNING SWAMP:1-3
 20845 | Swamp:1  | Entered Level 1 of the Swamp
 20852 | Swamp:1  | 20852 ||| INVOKING Heroism.
 20859 | Swamp:1  | Received a gift from Okawaru
 20892 | Swamp:1  | 20892 ||| INVOKING Heroism.
 20940 | Swamp:1  | 20940 ||| INVOKING Heroism.
 20981 | Swamp:1  | 20981 ||| INVOKING Heroism.
 21045 | Swamp:1  | 21045 ||| INVOKING Heroism.
 21046 | Swamp:1  | 21046 ||| INVOKING Finesse.
 21048 | Swamp:1  | 21048 ||| SWAPPING to -2 demon whip of venom.
 21056 | Swamp:1  | 21056 ||| SWAPPING to +2 broad axe "Leuduhur" {vamp, rF+
                  | rC++ rCorr Str-4}.
 21057 | Swamp:1  | 21057 ||| SWAPPING to -2 demon whip of venom.
 21065 | Swamp:1  | 21065 ||| SWAPPING to +2 broad axe "Leuduhur" {vamp, rF+
                  | rC++ rCorr Str-4}.
 21132 | Swamp:1  | 21132 ||| INVOKING Heroism.
 21190 | Swamp:1  | Received a gift from Okawaru
 21226 | Swamp:1  | 21226 ||| Stepping ~*~*~tactically~*~*~ (stealth).
 21259 | Swamp:1  | 21259 ||| INVOKING Heroism.
 21381 | Swamp:1  | Noticed a fenstrider witch
 21382 | Swamp:1  | 21382 ||| INVOKING Heroism.
 21390 | Swamp:1  | Killed a fenstrider witch
 21431 | Swamp:1  | 21431 ||| INVOKING Heroism.
 21481 | Swamp:2  | 21481 ||| INVOKING Heroism.
 21492 | Swamp:2  | Received a gift from Okawaru
 21591 | Swamp:2  | 21591 ||| INVOKING Heroism.
 21592 | Swamp:2  | 21592 ||| INVOKING Finesse.
 21594 | Swamp:2  | 21594 ||| SWAPPING to -2 demon whip of venom.
 21598 | Swamp:2  | 21598 ||| Stepping ~*~*~tactically~*~*~ (outnumbered).
 21599 | Swamp:2  | 21599 ||| Stepping ~*~*~tactically~*~*~ (outnumbered).
 21600 | Swamp:2  | 21600 ||| Stepping ~*~*~tactically~*~*~ (outnumbered).
 21601 | Swamp:2  | 21601 ||| Stepping ~*~*~tactically~*~*~ (outnumbered).
 21602 | Swamp:2  | 21602 ||| Stepping ~*~*~tactically~*~*~ (outnumbered).
 21603 | Swamp:2  | 21603 ||| STAIRDANCE
 21611 | Swamp:1  | 21611 ||| SWAPPING to +2 broad axe "Leuduhur" {vamp, rF+
                  | rC++ rCorr Str-4}.
 21638 | Swamp:2  | 21638 ||| SWAPPING to -2 demon whip of venom.
 21642 | Swamp:2  | 21642 ||| SWAPPING to +2 broad axe "Leuduhur" {vamp, rF+
                  | rC++ rCorr Str-4}.
 21713 | Swamp:2  | 21713 ||| INVOKING Heroism.
 21746 | Swamp:2  | 21746 ||| SWAPPING to -2 demon whip of venom.
 21756 | Swamp:2  | 21756 ||| SWAPPING to +2 broad axe "Leuduhur" {vamp, rF+
                  | rC++ rCorr Str-4}.
 21813 | Swamp:2  | 21813 ||| INVOKING Heroism.
 21854 | Swamp:2  | 21854 ||| Stepping ~*~*~tactically~*~*~ (hiding).
 21981 | Swamp:2  | 21981 ||| INVOKING Heroism.
 21982 | Swamp:2  | 21982 ||| SWAPPING to -2 demon whip of venom.
 21983 | Swamp:2  | 21983 ||| SWAPPING to +2 broad axe "Leuduhur" {vamp, rF+
                  | rC++ rCorr Str-4}.
 21985 | Swamp:2  | 21985 ||| SWAPPING to -2 demon whip of venom.
 21986 | Swamp:2  | 21986 ||| SWAPPING to +2 broad axe "Leuduhur" {vamp, rF+
                  | rC++ rCorr Str-4}.
 21988 | Swamp:2  | 21988 ||| SWAPPING to -2 demon whip of venom.
 21989 | Swamp:2  | 21989 ||| SWAPPING to +2 broad axe "Leuduhur" {vamp, rF+
                  | rC++ rCorr Str-4}.
 21991 | Swamp:2  | 21991 ||| SWAPPING to -2 demon whip of venom.
 21993 | Swamp:2  | 21993 ||| SWAPPING to +2 broad axe "Leuduhur" {vamp, rF+
                  | rC++ rCorr Str-4}.
 21995 | Swamp:2  | 21995 ||| SWAPPING to -2 demon whip of venom.
 22001 | Swamp:2  | 22001 ||| SWAPPING to +2 broad axe "Leuduhur" {vamp, rF+
                  | rC++ rCorr Str-4}.
 22031 | Swamp:2  | 22031 ||| INVOKING Heroism.
 22041 | Swamp:2  | Reached XP level 17. HP: 106/106 MP: 22/24
 22371 | Swamp:3  | 22371 ||| INVOKING Heroism.
 22517 | Swamp:3  | 22517 ||| INVOKING Heroism.
 22519 | Swamp:3  | 22519 ||| SWAPPING to -2 demon whip of venom.
 22528 | Swamp:3  | 22528 ||| SWAPPING to +2 broad axe "Leuduhur" {vamp, rF+
                  | rC++ rCorr Str-4}.
 22696 | Swamp:3  | 22696 ||| Stepping ~*~*~tactically~*~*~ (hiding).
 22707 | Swamp:3  | 22707 ||| Stepping randomly (cloudy).
 22708 | Swamp:3  | 22708 ||| Stepping ~*~*~tactically~*~*~ (cloud).
 22725 | Swamp:3  | 22725 ||| INVOKING Heroism.
 22739 | Swamp:3  | Received a gift from Okawaru
 22890 | Swamp:3  | 22890 ||| Stepping ~*~*~tactically~*~*~ (hiding).
 22891 | Swamp:3  | 22891 ||| Stepping ~*~*~tactically~*~*~ (hiding).
 23188 | Swamp:3  | 23188 ||| PLANNING SNAKE:1-3
 23305 | Snake:1  | Entered Level 1 of the Snake Pit
 23306 | Snake:1  | 23306 ||| INVOKING Heroism.
 23417 | Snake:1  | 23417 ||| INVOKING Heroism.
 23476 | Snake:1  | Noticed Mlioglotl
 23477 | Snake:1  | 23477 ||| INVOKING Heroism.
 23478 | Snake:1  | 23478 ||| INVOKING Finesse.
 23504 | Snake:1  | Killed Mlioglotl
 23538 | Snake:1  | 23538 ||| Stepping ~*~*~tactically~*~*~ (hiding).
 23681 | Snake:1  | 23681 ||| Stepping ~*~*~tactically~*~*~ (stealth).
 23926 | Snake:1  | 23926 ||| INVOKING Heroism.
 24000 | Snake:2  | 24000 ||| INVOKING Heroism.
 24068 | Snake:2  | 24068 ||| INVOKING Heroism.
 24151 | Snake:2  | 24151 ||| Stepping ~*~*~tactically~*~*~ (stealth).
 24156 | Snake:2  | 24156 ||| INVOKING Heroism.
 24161 | Snake:2  | Identified the +0 plate armour of Infinity {Rampage Int+4
                  | Dex+2} (Okawaru gifted it to you on level 2 of the Snake
                  | Pit)
 24161 | Snake:2  | Received a gift from Okawaru
 24197 | Snake:2  | 24197 ||| Stepping ~*~*~tactically~*~*~ (hiding).
 24223 | Snake:2  | 24223 ||| Stepping ~*~*~tactically~*~*~ (hiding).
 24235 | Snake:2  | 24235 ||| INVOKING Heroism.
 24476 | Snake:2  | 24476 ||| Stepping ~*~*~tactically~*~*~ (stealth).
 24478 | Snake:2  | 24478 ||| Stepping ~*~*~tactically~*~*~ (hiding).
 24679 | Snake:2  | You are sucked into a shaft and drop 1 floor!
 24680 | Snake:3  | 24680 ||| DROPPING +0 plate armour of Infinity {Rampage
                  | Int+4 Dex+2}.
 24881 | Snake:2  | Found Luismaxe's Jewellery Shop.
 24882 | Snake:2  | Found Evefadag's Book Shoppe.
 24883 | Snake:2  | Found Gino Ano's Jewellery Shop.
 24889 | Snake:2  | 24889 ||| BUYING ring "Leesukug" {rF+ rN++ rCorr Str+3
                  | Dex-2} (953 gold).
 24889 | Snake:2  | Bought the ring "Leesukug" {rF+ rN++ rCorr Str+3 Dex-2} for
                  | 953 gold pieces
 24893 | Snake:2  | 24893 ||| SHOPLISTING amulet "Latsugef" {Reflect rC+ Str+3
                  | Int+4 SH+5} (821 gold, have 764).
 25030 | Snake:2  | 25030 ||| DROPPING ring of fire.
 25149 | Snake:3  | 25149 ||| Stepping ~*~*~tactically~*~*~ (hiding).
 25183 | Snake:3  | Noticed Aizul
 25184 | Snake:3  | 25184 ||| INVOKING Heroism.
 25185 | Snake:3  | 25185 ||| INVOKING Finesse.
 25231 | Snake:3  | Killed Aizul
 25272 | Snake:3  | 25272 ||| INVOKING Heroism.
 25296 | Snake:3  | Reached skill level 18 in Axes
 25307 | Snake:3  | Found Siuninn's General Store.
 25571 | Snake:3  | 25571 ||| Stepping ~*~*~tactically~*~*~ (hiding).
 25603 | Snake:3  | 25603 ||| Stepping ~*~*~tactically~*~*~ (stealth).
 25605 | Snake:3  | 25605 ||| Stepping ~*~*~tactically~*~*~ (hiding).
 25620 | Snake:3  | 25620 ||| Stepping ~*~*~tactically~*~*~ (hiding).
 25793 | Snake:3  | 25793 ||| Stepping ~*~*~tactically~*~*~ (stealth).
 25795 | Snake:3  | 25795 ||| INVOKING Heroism.
 25832 | Snake:3  | 25832 ||| INVOKING Heroism.
 25849 | Snake:3  | 25849 ||| Stepping ~*~*~tactically~*~*~ (hiding).
 25850 | Snake:3  | 25850 ||| Stepping ~*~*~tactically~*~*~ (hiding).
 25881 | Snake:3  | 25881 ||| Stepping ~*~*~tactically~*~*~ (hiding).
 26228 | Snake:3  | 26228 ||| PLANNING SWAMP:4
 26375 | Swamp:4  | Entered Level 4 of the Swamp
 26421 | Swamp:4  | Reached XP level 18. HP: 116/116 MP: 25/25
 26421 | Swamp:4  | 26421 ||| DROPPING -2 demon whip of venom.
 26422 | Swamp:4  | 26422 ||| DROPPING +7 mace "Wuofer" {flame, rF++ rC++
                  | Dex-2}.
 26462 | Swamp:4  | 26462 ||| INVOKING Heroism.
 26532 | Swamp:4  | 26532 ||| INVOKING Heroism.
 26589 | Swamp:4  | 26589 ||| Stepping ~*~*~tactically~*~*~ (hiding).
 26646 | Swamp:4  | Reached skill level 18 in Shields
 26744 | Swamp:4  | 26744 ||| FLEEEEING.
 26745 | Swamp:4  | 26745 ||| INVOKING Heroism.
 26754 | Swamp:4  | Noticed the 27-headed Lernaean hydra
 26769 | Swamp:4  | HP: 25/116 [14-headed hydra (7)]
 26770 | Swamp:4  | 26770 ||| READING 8 scrolls of teleportation.
 26770 | Swamp:4  | HP: 10/116 [the 27-headed Lernaean hydra (5)]
 26770 | Swamp:4  | HP: 1/116 [the 27-headed Lernaean hydra (9)]
 26771 | Swamp:4  | 26771 ||| DRINKING 7 potions of heal wounds.
 26772 | Swamp:4  | 26772 ||| DRINKING 6 potions of heal wounds.
 26772 | Swamp:4  | Slain by the 27-headed Lernaean hydra

Levels and vault maps discovered:
D:1:      dpeg_arrival_three_same_balls, layout_basic,
          hellmonk_ecumenical_altar_leap_of_faith
D:2:      layout_rooms, basic_altar
D:3:      layout_rooms, general_overflow_altar, uniq_jessica
D:4:      layout_loops_ring, minmay_misc_feat_pillars,
          chequers_serial_rivers_small_b, chequers_serial_rivers_micro_b,
          kennysheep_generic_room_11
D:5:      layout_basic, mainiacjoe_overflow_boulevard, kennysheep_mini_moat,
          mainiacjoe_overflow_alcove_4, minmay_temple_entry_purple_smoke
D:6:      dreamdust_elfheim, layout_basic, nzn_wu_jian_council_hall,
          overflow_temple_1_default, gup_sewer_entry_spiral,
          uniq_crazy_yiuf_cottage
D:7:      layout_cave_pools, nicolae_ashenzari_panopticon,
          lightli_ossuary_entry_decrepit_ruins, nrook_mini_backslash,
          nicolae_shop_fire_sale [nicolae_sub_dead_trees]
D:8:      layout_basic, serial_undead, serial_undead_c, serial_undead_e,
          serial_undead_b, serial_undead_b, uniq_maurice
D:9:      kennysheep_blocky_room, layout_cave_pools, serial_gnoll_camp,
          gnoll_camp_mini_sergeant, gnoll_camp_mini_loothouse,
          gnoll_camp_medium_02, gnoll_camp_mini_hut, gnoll_camp_medium_01
D:10:     layout_cave_pools, tso_altar, xom_teletrap_fun,
          kennysheep_generic_room_4
D:11:     layout_gridville, lair_entry_dummy, grunt_ministairs_12,
          feat_on_display, uniq_josephine, uniq_urug
D:12:     layout_basic, orc_0_dummy
D:13:     layout_irregular_city, grunt_vaults_entry_tiered, serial_shops, shop,
          minmay_radiant
D:14:     layout_roguey, hangedman_decor_opposing, uniq_jorgrun, uniq_roxanne
D:15:     hangedman_depths_entry_try_elsewhere_first, layout_gridville,
          corexii_corridor_pit
Lair:1:   layout_loops_ring, serial_bayou_lagoon_a, minmay_shattered_shrine
Lair:2:   layout_regular_city, palyth_hydra_swamp_entry,
          guppyfry_snake_entry_island, serial_bayou_shore_a, grunt_megastairs_4,
          uniq_maggie, uniq_erica, uniq_amaemon
Lair:3:   layout_gridlike, minmay_lindwurm_lava
Lair:4:   layout_small_grid, minmay_slime_entry_oklob_open,
          gauntlet_entry_generic
Lair:5:   gammafunk_lair_ancient_temple, layout_regular_city,
          serial_bayou_pond_a, serial_bayou_shore_b
Swamp:1:  layout_basic_swamp, nicolae_swamp_well_well_well, swamp_pool5
Swamp:2:  layout_basic_swamp, evilmike_swamp_ruin_house_3, swamp_pool3,
          infiniplex_staircase_pool
Swamp:3:  layout_basic_swamp, nicolae_swamp_tree_isthmus
Swamp:4:  swamp_old_school, layout_basic_swamp, swamp_pool1
Snake:1:  layout_cave_pods, lemuel_fruit_tree, grunt_megastairs_1,
          uniq_mlioglotl
Snake:2:  layout_basic, minmay_shop_grove
Snake:3:  layout_honeycomb, serial_shops, nicolae_diamond_shop,
          grunt_megastairs_2, serial_bayou_shore_b, uniq_aizul
Orc:1:    layout_diamond_mine, lightli_volcano_entry_magma_tube
Orc:2:    st_orc_rangers, layout_caves, dreamdust_deal_with_the_devil

Skill      XL: |  1  2  3  4  5  6  7  8  9 10 11 12 13 14 15 16 17 18 |
---------------+-------------------------------------------------------+-----
Axes           | 2 3 4 5 7 8 9 10 11 13 15 16 17 18 | 18.0
Throwing       | 1 2 3 4 5 6 7 |  7.0
Dodging        | 2 3 4 5 |  5.0
Fighting       | 4 5 7 8 9 10 11 12 13 14 | 14.0
Invocations    | 4 7 10 | 10.0
Armour         | 5 6 8 9 10 11 | 11.3
Shields        | 4 5 9 10 11 12 14 17 18 | 18.0

Action                   |  1- 3 |  4- 6 |  7- 9 | 10-12 | 13-15 | 16-18 || total
-------------------------+-------+-------+-------+-------+-------+-------++-------
Melee: War axe           |    36 |       |       |       |       |       ||    36
       Broad axe         |    17 |    52 |   180 |   345 |   843 |  1185 ||  2622
       Morningstar       |       |       |       |     6 |       |       ||     6
       Demon whip        |       |       |       |       |    67 |    52 ||   119
Throw: Javelin           |    47 |    32 |    58 |    88 |   117 |    78 ||   420
       Boomerang         |       |       |     1 |    13 |     5 |       ||    19
Invok: Heroism           |       |       |     6 |    25 |    34 |    42 ||   107
       Finesse           |       |       |       |     5 |    12 |     5 ||    22
  Use: Scroll            |     4 |     7 |     3 |     8 |    10 |     1 ||    33
       Potion            |     1 |     4 |     2 |     1 |       |     2 ||    10
 Stab: Invisible         |       |       |       |       |    20 |    24 ||    44
Armor: Scale mail        |    25 |    11 |     1 |       |       |       ||    37
       Chain mail        |       |       |    77 |    54 |   329 |   585 ||  1045
       Plate armour      |       |       |       |    78 |       |       ||    78
Dodge: Dodged            |    27 |    19 |    59 |    95 |   313 |   525 ||  1038
Block: Buckler           |     9 |     3 |    31 |    18 |       |       ||    61
       Kite shield       |       |       |       |    75 |   366 |       ||   441
       Tower shield      |       |       |       |       |   100 |  1236 ||  1336

Table legend:
 A = Non-vault XP
 B = Vault XP
 C = Vault XP percentage of total XP
 D = Non-vault monster count
 E = Vault monster count
 F = Vault count percentage of total count
                 A         B        C        D         E       F
            +---------+---------+-------+---------+---------+-------
      Total |  192241 |   60833 |  24.0 |     696 |     215 |  23.6
            +---------+---------+-------+---------+---------+-------
        D:1 |      26 |       0 |   0.0 |      19 |       0 |   0.0
        D:2 |      65 |       0 |   0.0 |      17 |       0 |   0.0
        D:3 |     190 |      37 |  16.3 |      18 |       1 |   5.3
        D:4 |     465 |       2 |   0.4 |      25 |       1 |   3.8
        D:5 |     224 |       0 |   0.0 |      10 |       0 |   0.0
        D:6 |     837 |      14 |   1.6 |      25 |       6 |  19.4
        D:7 |    1027 |       0 |   0.0 |       8 |       0 |   0.0
        D:8 |    1097 |    1226 |  52.8 |      19 |       9 |  32.1
        D:9 |    1833 |    3630 |  66.4 |      34 |      38 |  52.8
       D:10 |     819 |       0 |   0.0 |      15 |       0 |   0.0
       D:11 |    4257 |    3944 |  48.1 |      19 |      11 |  36.7
       D:12 |    6353 |       0 |   0.0 |      18 |       0 |   0.0
       D:13 |    7352 |    7974 |  52.0 |      17 |      27 |  61.4
       D:14 |    9391 |    3028 |  24.4 |      22 |       2 |   8.3
       D:15 |   15103 |    2449 |  14.0 |      32 |       4 |  11.1
     Lair:1 |    4136 |    3342 |  44.7 |      14 |       9 |  39.1
     Lair:2 |   11928 |    6900 |  36.6 |      42 |      19 |  31.1
     Lair:3 |    7895 |       0 |   0.0 |      23 |       0 |   0.0
     Lair:4 |    4846 |    1604 |  24.9 |      22 |       3 |  12.0
     Lair:5 |   13054 |   10951 |  45.6 |      45 |      24 |  34.8
    Swamp:1 |   18804 |     406 |   2.1 |      32 |       3 |   8.6
    Swamp:2 |   11858 |       0 |   0.0 |      26 |       0 |   0.0
    Swamp:3 |   10945 |       0 |   0.0 |      21 |       0 |   0.0
    Swamp:4 |    7394 |    3002 |  28.9 |      16 |       8 |  33.3
    Snake:1 |   12259 |    2851 |  18.9 |      25 |       3 |  10.7
    Snake:2 |   15107 |       0 |   0.0 |      31 |       0 |   0.0
    Snake:3 |   17395 |    2798 |  13.9 |      39 |       5 |  11.4
      Orc:1 |    5864 |       0 |   0.0 |      43 |       0 |   0.0
      Orc:2 |    1717 |    4807 |  73.7 |      19 |      37 |  66.1
   Gauntlet |       0 |    1868 | 100.0 |       0 |       5 | 100.0
            +---------+---------+-------+---------+---------+-------
